[Event "ICC tourney 2228 (30 10)"]
[Site "Internet Chess Club"]
[Date "2020.12.20"]
[Round "3"]
[White "sswagatha"]
[Black "sspugazh10"]
[Result "1-0"]
[ICCResult "Black checkmated"]
[WhiteElo "1313"]
[BlackElo "1441"]
[Opening "QGD Slav defense"]
[ECO "D10"]
[NIC "SL.01"]
[Time "15:01:18"]
[PlyCount "111"]
[TimeControl "1800+10"]


1. d4 d5 2. c4 c6 3. Nc3 Nf6 4. Bf4 e6 5. Nf3 Bb4 6. a3 Bxc3+ 7. bxc3 Ne4
8. Qc2 a6 9. e3 b6 10. Bd3 Nd7 11. Bxe4 dxe4 12. Qxe4 Bb7 13. Qd3 c5 14.
Qe2 Nf6 15. Bg5 h6 16. Bf4 Ne4 17. Rc1 Bc6 18. O-O b5 19. Ne5 Bd7 20. Qf3
Nd2 21. Qg3 Nxf1 22. Qxg7 Rf8 23. Bxh6 Qe7 24. dxc5 O-O-O 25. Bg5 Rg8 26.
Bxe7 Rxg7 27. Bxd8 Kxd8 28. Rd1 f6 29. Kxf1 fxe5 30. c6 Kc7 31. cxd7 Rxd7
32. Rxd7+ Kxd7 33. cxb5 axb5 34. h4 Ke7 35. g4 Kf6 36. f4 exf4 37. exf4 e5
38. fxe5+ Kxe5 39. h5 Kf6 40. Ke2 Ke5 41. Ke3 Kf6 42. Kf4 Kg7 43. g5 Kf7
44. Kf5 Kg7 45. h6+ Kf7 46. g6+ Kg8 47. Kf6 Kh8 48. g7+ Kg8 49. h7+ Kxh7
50. Kf7 Kh6 51. g8=Q Kh5 52. Kf6 Kh4 53. Kf5 Kh3 54. Kf4 Kh2 55. Kf3 Kh3
56. Qg3# { Black checkmated } 1-0

[Event "ICC tourney 2228 (30 10)"]
[Site "Internet Chess Club"]
[Date "2020.12.20"]
[Round "3"]
[White "qixin99"]
[Black "PSelvin"]
[Result "1/2-1/2"]
[ICCResult "Game drawn by mutual agreement"]
[WhiteElo "1540"]
[BlackElo "1446"]
[Opening "French: Tarrasch, open, 4.ed ed"]
[ECO "C08"]
[NIC "FR.21"]
[Time "15:01:15"]
[PlyCount "111"]
[TimeControl "1800+10"]


1. e4 e6 2. d4 d5 3. Nd2 c5 4. exd5 exd5 5. Ngf3 Nf6 6. Bb5+ Bd7 7. Qe2+
Be7 8. dxc5 O-O 9. Bxd7 Nbxd7 10. Nb3 Re8 11. O-O Bxc5 12. Qb5 Bb6 13. Bg5
Rc8 14. c3 h6 15. Bh4 Nc5 16. Nxc5 Rxc5 17. Qd3 Qd6 18. Bg3 Qd8 19. b4 Rc8
20. a4 a5 21. Nd2 Ne4 22. Nxe4 dxe4 23. Qxd8 Rexd8 24. Rfe1 Rc4 25. Rab1 f5
26. Be5 Rd5 27. Bd4 Bxd4 28. cxd4 Rdxd4 29. bxa5 Rxa4 30. Rxb7 Rxa5 31. f3
exf3 32. gxf3 Rd6 33. Ree7 Rg6+ 34. Kf2 Ra2+ 35. Ke3 Rxh2 36. Re8+ Kh7 37.
Rbb8 Rf6 38. Rh8+ Kg6 39. Rb7 Rf7 40. Rb6+ Rf6 41. Rb7 Rf7 42. Rb6+ Kg5 43.
f4+ Kh5 44. Re8 Rh1 45. Kf3 g5 46. fxg5 Kxg5 47. Rg8+ Kh5 48. Rgg6 Rh7 49.
Rgf6 Rf1+ 50. Kg2 Rf4 51. Kg3 Rg4+ 52. Kf3 Rg5 53. Kf4 Rh8 54. Rxf5 Rxf5+
55. Kxf5 Rg8 56. Kf4 { Game drawn by mutual agreement } 1/2-1/2

[Event "ICC tourney 2228 (30 10)"]
[Site "Internet Chess Club"]
[Date "2020.12.20"]
[Round "3"]
[White "cohaji"]
[Black "i3izarre"]
[Result "0-1"]
[ICCResult "White resigns"]
[WhiteElo "1500"]
[BlackElo "1458"]
[Opening "King's gambit"]
[ECO "C30"]
[NIC "KG.05"]
[Time "15:01:15"]
[PlyCount "82"]
[TimeControl "1800+10"]


1. e4 e5 2. f4 Nc6 3. Nf3 Bc5 4. Bc4 h6 5. h4 d6 6. d3 Bg4 7. f5 Nf6 8. b3
Qd7 9. c3 a6 10. a4 d5 11. exd5 Nxd5 12. Nbd2 Ne3 13. Qe2 Nc2+ 14. Kf1 Qxf5
15. Ra2 Ne3+ 16. Ke1 O-O 17. Ne4 Nxc4 18. bxc4 Ba7 19. Be3 Bxe3 20. Qxe3
Bxf3 21. gxf3 b6 22. Rg1 Kh7 23. Rag2 g6 24. h5 Rg8 25. d4 exd4 26. cxd4
Rae8 27. Kd2 Na5 28. Qc3 Qf4+ 29. Kc2 Nc6 30. d5 Ne5 31. Nf6+ Qxf6 32.
hxg6+ Rxg6 33. Rxg6 Qf5+ 34. Kb2 fxg6 35. Re1 Nd3+ 36. Qxd3 Qxd3 37. Rxe8
Qxc4 38. Re7+ Kg8 39. Re8+ Kf7 40. Rh8 Qxd5 41. Rxh6 Qd2+ { White resigns }
0-1

[Event "ICC tourney 2228 (30 10)"]
[Site "Internet Chess Club"]
[Date "2020.12.20"]
[Round "3"]
[White "Mannansh"]
[Black "kkhanna"]
[Result "0-1"]
[ICCResult "White forfeits on time"]
[WhiteElo "1257"]
[BlackElo "1418"]
[Opening "King's pawn opening"]
[ECO "B07"]
[NIC "VO.17"]
[Time "15:01:24"]
[PlyCount "62"]
[TimeControl "1800+10"]


1. e4 d6 2. d4 g6 3. Nf3 Bg7 4. Bc4 Nf6 5. Nc3 Nc6 6. O-O Bg4 7. Be3 O-O 8.
h3 Bxf3 9. Qxf3 Nd7 10. Qd1 e5 11. d5 Ne7 12. Qd2 f5 13. Bh6 f4 14. Bxg7
Kxg7 15. Bb5 a6 16. Bxd7 Qxd7 17. Ne2 f3 18. Ng3 fxg2 19. Kxg2 Ng8 20. c4
Rf4 21. Rac1 Nf6 22. f3 Nh5 23. Nxh5+ gxh5 24. Kf2 Qxh3 25. Rg1+ Kh8 26.
Qe3 Raf8 27. Rg3 Qh2+ 28. Rg2 Qh4+ 29. Ke2 Qh3 30. Rcg1 Qxf3+ 31. Qxf3 Rxf3
{ White forfeits on time } 0-1

[Event "ICC tourney 2228 (30 10)"]
[Site "Internet Chess Club"]
[Date "2020.12.20"]
[Round "3"]
[White "solveur"]
[Black "wildrumpus"]
[Result "1/2-1/2"]
[ICCResult "Game drawn by mutual agreement"]
[WhiteElo "1319"]
[BlackElo "1535"]
[Opening "Queen's Indian accelerated"]
[ECO "E12"]
[NIC "QP.07"]
[Time "15:02:09"]
[PlyCount "108"]
[TimeControl "1800+10"]


1. d4 Nf6 2. c4 b6 3. Nc3 Bb7 4. Nf3 e6 5. Bg5 h6 6. Bh4 Be7 7. e3 Ne4 8.
Bg3 Nxg3 9. hxg3 d5 10. cxd5 exd5 11. Bd3 Nd7 12. O-O O-O 13. Rc1 c5 14.
Bb1 Rc8 15. e4 dxe4 16. Nxe4 Nf6 17. Re1 Bxe4 18. Bxe4 Nxe4 19. Rxe4 Bf6
20. b3 Qd5 21. Qe2 Bxd4 22. Nxd4 cxd4 23. Rd1 Qa8 24. Rexd4 Rfe8 25. Qa6
Rcd8 26. Rd7 Rxd7 27. Rxd7 Qe4 28. Rd1 Qc2 29. Rf1 Re7 30. Qa3 Rc7 31. Re1
Qc5 32. Qxc5 Rxc5 33. Re8+ Kh7 34. Re7 Rc1+ 35. Kh2 Rc2 36. Rxa7 Rxf2 37.
a4 Kg6 38. Rb7 Rf6 39. b4 Kf5 40. a5 bxa5 41. bxa5 Ra6 42. Rb5+ Kg4 43.
Rb4+ Kg5 44. Rb5+ Kg4 45. Rb7 Rxa5 46. Rxf7 g5 47. Rf6 h5 48. Rh6 Ra3 49.
Rg6 Rxg3 50. Rxg5+ Kxg5 51. Kxg3 Kf5 52. Kh4 Kg6 53. g3 Kh6 54. Kh3 Kg5 {
Game drawn by mutual agreement } 1/2-1/2

[Event "ICC tourney 2228 (30 10)"]
[Site "Internet Chess Club"]
[Date "2020.12.20"]
[Round "3"]
[White "pmchess98"]
[Black "halobeams"]
[Result "0-1"]
[ICCResult "White resigns"]
[WhiteElo "1441"]
[BlackElo "1300"]
[Opening "Robatsch (modern) defense"]
[ECO "B07"]
[NIC "VO.17"]
[Time "15:01:15"]
[PlyCount "88"]
[TimeControl "1800+10"]


1. e4 d6 2. d4 g6 3. Nc3 Bg7 4. Be3 Nf6 5. f3 O-O 6. Qd2 Re8 7. O-O-O Nbd7
8. g4 c5 9. h4 h5 10. Be2 a6 11. gxh5 Nxh5 12. f4 cxd4 13. Bxd4 e5 14. Be3
exf4 15. Bd4 Ne5 16. Bxh5 gxh5 17. Qxf4 Qf6 18. Qxf6 Bxf6 19. Nd5 Bd8 20.
Ne2 Bg4 21. Nef4 Bxd1 22. Kxd1 Nf3 23. Bc3 Rxe4 24. Nxh5 Re6 25. Nhf6+ Bxf6
26. Nxf6+ Kf8 27. h5 Ne5 28. h6 Rxf6 29. h7 Kg7 30. Bd2 Ng6 31. Bc3 Rh8 32.
a4 Ne5 33. Bd2 Rxh7 34. Rg1+ Kf8 35. b4 Rh2 36. Bc3 Rff2 37. b5 axb5 38.
axb5 Rxc2 39. Bb4 Ke7 40. Re1 Kd7 41. Re3 Nc4 42. Rb3 Ra2 43. Rb1 Rh1+ 44.
Be1 Ne3+ { White resigns } 0-1

[Event "ICC tourney 2228 (30 10)"]
[Site "Internet Chess Club"]
[Date "2020.12.20"]
[Round "3"]
[White "SGOLD9367"]
[Black "Fredzhang"]
[Result "0-1"]
[ICCResult "White resigns"]
[WhiteElo "1338"]
[BlackElo "1319"]
[Opening "Sicilian: Sozin, Leonhardt variation"]
[ECO "B88"]
[NIC "SI.26"]
[Time "15:01:34"]
[PlyCount "114"]
[TimeControl "1800+10"]


1. e4 c5 2. Nf3 d6 3. d4 cxd4 4. Nxd4 Nf6 5. Nc3 Nc6 6. Bc4 e6 7. Bg5 Be7
8. O-O O-O 9. Re1 Ne5 10. Bb3 a6 11. f4 Ned7 12. Bxe6 fxe6 13. Nxe6 Qa5 14.
Nxf8 Nxf8 15. e5 dxe5 16. Rxe5 Qb6+ 17. Kh1 Ng4 18. Qd5+ Kh8 19. Nd1 Nxe5
20. Bxe7 Neg6 21. Bc5 Be6 22. Qg5 Qc6 23. Ne3 Bg8 24. b4 b6 25. Bd4 Qd7 26.
Nf5 Ne6 27. Qg4 Nxd4 28. Ne3 Qe8 29. Re1 Qe4 30. c3 Nc6 31. f5 Qxg4 32.
Nxg4 Nf4 33. Re4 Nd5 34. Rc4 Nde7 35. Rf4 g5 36. fxg6 Nxg6 37. Rf6 Re8 38.
h3 Re1+ 39. Kh2 Re6 40. Rf2 Kg7 41. Rd2 h5 42. Nf2 b5 43. Rd7+ Bf7 44. Nd3
Nce5 45. Nxe5 Nxe5 46. Rd2 Nc4 47. Rf2 Rf6 48. Re2 Be6 49. Kg3 Rg6+ 50. Kf2
h4 51. Kg1 Bd5 52. Kf1 Kf6 53. Rf2+ Ke5 54. Re2+ Be4 55. Kg1 Rg3 56. a4
bxa4 57. Ra2 a3 { White resigns } 0-1

[Event "ICC tourney 2228 (30 10)"]
[Site "Internet Chess Club"]
[Date "2020.12.20"]
[Round "3"]
[White "Paladin51"]
[Black "lwidjaja"]
[Result "0-1"]
[ICCResult "White checkmated"]
[WhiteElo "1590"]
[BlackElo "1409"]
[Opening "Queen's pawn game"]
[ECO "D04"]
[NIC "QP.08"]
[Time "15:01:15"]
[PlyCount "168"]
[TimeControl "1800+10"]


1. d4 d5 2. Nf3 Nf6 3. e3 c5 4. Bd3 Nc6 5. O-O e6 6. b3 Be7 7. Bb2 Bd7 8.
Nbd2 O-O 9. Ne5 Nb4 10. Be2 cxd4 11. exd4 Rc8 12. c3 Nc6 13. Bd3 Bd6 14. f4
Ne7 15. Rf3 Nf5 16. g4 Nh4 17. Rh3 Ng6 18. Qf3 b5 19. g5 Ne4 20. Nxe4 dxe4
21. Bxe4 Bxe5 22. dxe5 Qb6+ 23. Kh1 Bc6 24. Rf1 Rfd8 25. Bxc6 Qxc6 26. Qxc6
Rxc6 27. Rf2 b4 28. c4 Ra6 29. Kg2 Rxa2 30. Bc1 Ra1 31. Rc2 Rd1 32. Be3 Ra3
33. Bc1 Rxc1 34. Rxc1 Nxf4+ 35. Kf1 Nxh3 36. c5 Nf4 37. c6 Nd5 38. c7 Nxc7
39. Rxc7 h6 40. gxh6 gxh6 41. Ke2 Rxb3 42. Rxa7 Rb2+ 43. Kf3 Rxh2 44. Rb7
Rb2 45. Ke3 Rb1 46. Kd2 b3 47. Rb4 Kh7 48. Rf4 Kg6 49. Rf6+ Kg7 50. Rf3 h5
51. Rg3+ Kh6 52. Rf3 Kg6 53. Rf6+ Kg7 54. Rf4 Rg1 55. Kc3 Rg3+ 56. Kb2 Rg5
57. Re4 Rg3 58. Rh4 Kg6 59. Rf4 Rg4 60. Rf6+ Kg7 61. Kxb3 Rg5 62. Kc3 Rxe5
63. Rf3 Rg5 64. Kd3 Kg6 65. Ke3 f6 66. Rh3 Rg4 67. Kf3 e5 68. Kf2 Kg5 69.
Ra3 h4 70. Ra8 Rf4+ 71. Kg2 Rg4+ 72. Kh2 Kf4 73. Ra4+ e4 74. Kh3 f5 75. Rb4
Kf3 76. Rb3+ e3 77. Ra3 Kf2 78. Ra2+ e2 79. Kh2 Kf1 80. Ra1+ e1=Q 81. Rxe1+
Kxe1 82. Kh3 Kf2 83. Kh2 Rg3 84. Kh1 Rh3# { White checkmated } 0-1

[Event "ICC tourney 2228 (30 10)"]
[Site "Internet Chess Club"]
[Date "2020.12.20"]
[Round "3"]
[White "joeandjoe28"]
[Black "RatislavK"]
[Result "0-1"]
[ICCResult "White checkmated"]
[WhiteElo "1423"]
[BlackElo "1311"]
[Opening "Sicilian: Pelikan, Chelyabinsk variation"]
[ECO "B33"]
[NIC "SI.37"]
[Time "15:01:26"]
[PlyCount "110"]
[TimeControl "1800+10"]


1. e4 c5 2. Nf3 Nc6 3. d4 cxd4 4. Nxd4 Nf6 5. Nc3 e5 6. Ndb5 d6 7. Bg5 a6
8. Na3 b5 9. Nd5 Be7 10. Bxf6 Bxf6 11. c3 O-O 12. Be2 Bg5 13. Nc2 Bb7 14.
O-O Ne7 15. Ndb4 Bxe4 16. Bd3 Bb7 17. Re1 f5 18. Qh5 h6 19. h4 g6 20. Qe2
Bxh4 21. Ne3 e4 22. Bc2 a5 23. Bb3+ Kh7 24. Qxb5 Rb8 25. Nbc2 f4 26. Nc4
Bc6 27. Qxa5 Qd7 28. Qa3 d5 29. Ne5 Qc7 30. Nxc6 Qxc6 31. Nd4 Qf6 32. Qa5
f3 33. g3 Qg5 34. Qc7 Qg4 35. Kh2 Bf6 36. Rh1 Bxd4 37. cxd4 Qe6 38. Kg1
Rbc8 39. Qa7 e3 40. Bxd5 exf2+ 41. Kh2 Qe2 42. Kh3 Rf5 43. Qd7 Rh5+ 44. Kg4
Rxd5 45. Rxh6+ Kxh6 46. Rh1+ Kg7 47. Qxe7+ Qxe7 48. Kxf3 Qf7+ 49. Kg2 Rh5
50. Rf1 Qd5+ 51. Kxf2 Rf8+ 52. Ke2 Qe4+ 53. Kd2 Qxd4+ 54. Ke2 Rh2+ 55. Ke1
Qd2# { White checkmated } 0-1

[Event "ICC tourney 2228 (30 10)"]
[Site "Internet Chess Club"]
[Date "2020.12.20"]
[Round "4"]
[White "Fredzhang"]
[Black "solveur"]
[Result "1-0"]
[ICCResult "Black checkmated"]
[WhiteElo "1319"]
[BlackElo "1319"]
[Opening "Giuoco Piano"]
[ECO "C54"]
[NIC "IG.02"]
[Time "17:01:27"]
[PlyCount "33"]
[TimeControl "1800+10"]


1. e4 e5 2. Nf3 Nc6 3. Bc4 Bc5 4. c3 Nf6 5. d4 exd4 6. cxd4 Bb4+ 7. Bd2
Bxd2+ 8. Nbxd2 d5 9. exd5 Nxd5 10. Qb3 Qe7+ 11. Kd1 Qd7 12. Bxd5 Na5 13.
Qe3+ Kd8 14. Re1 h6 15. b4 Qa4+ 16. Nb3 Nxb3 17. Qe7# { Black checkmated }
1-0

[Event "ICC tourney 2228 (30 10)"]
[Site "Internet Chess Club"]
[Date "2020.12.20"]
[Round "4"]
[White "SGOLD9367"]
[Black "Kyriakos1301"]
[Result "0-1"]
[ICCResult "White checkmated"]
[WhiteElo "1338"]
[BlackElo "1550"]
[Opening "Sicilian: Najdorf, Lipnitzky attack"]
[ECO "B90"]
[NIC "SI.13"]
[Time "17:01:26"]
[PlyCount "28"]
[TimeControl "1800+10"]


1. e4 c5 2. Nf3 d6 3. d4 cxd4 4. Nxd4 Nf6 5. Nc3 a6 6. Bc4 b5 7. Bd3 e6 8.
O-O Be7 9. Re1 O-O 10. f4 e5 11. Nde2 Qb6+ 12. Kf1 Ng4 13. Nd4 Qxd4 14. Ke2
Qf2# { White checkmated } 0-1

[Event "ICC tourney 2228 (30 10)"]
[Site "Internet Chess Club"]
[Date "2020.12.20"]
[Round "4"]
[White "RatislavK"]
[Black "sswagatha"]
[Result "1-0"]
[ICCResult "Black checkmated"]
[WhiteElo "1311"]
[BlackElo "1313"]
[Opening "Queen's pawn game, Darooha variation "]
[ECO "D02"]
[NIC "QP.08"]
[Time "17:01:38"]
[PlyCount "97"]
[TimeControl "1800+10"]


1. d4 d5 2. Nf3 Nf6 3. g3 Nc6 4. Bg2 Bf5 5. O-O e6 6. c4 Be7 7. cxd5 exd5
8. Qb3 Rb8 9. Nc3 O-O 10. Bf4 Nb4 11. Nb5 Na6 12. Rac1 Rc8 13. Nxa7 Ra8 14.
Qxb7 Qd7 15. Qxa6 c6 16. Qxc6 Qxa7 17. a3 Rfc8 18. Qb5 Rxc1 19. Rxc1 Nh5
20. Rc7 Qa6 21. Qxa6 Rxa6 22. Rxe7 Kf8 23. Rb7 Rc6 24. Ne5 Rc2 25. Rxf7+
Kg8 26. Rxf5 Nf6 27. Nd3 Rxe2 28. Bxd5+ Kf8 29. Bd6+ Ke8 30. Re5+ Rxe5 31.
dxe5 Nxd5 32. b4 Kd7 33. Nc5+ Kc6 34. Bf8 g5 35. e6 Nf6 36. e7 Ne8 37. a4
g4 38. f4 gxf3 39. Kf2 Kd5 40. a5 Kc4 41. a6 Kxb4 42. a7 Kxc5 43. a8=Q Kb5
44. Qxe8+ Kb6 45. Qd8+ Kb5 46. e8=Q+ Kc4 47. Qc6+ Kb3 48. Qb8+ Ka2 49.
Qca8# { Black checkmated } 1-0

[Event "ICC tourney 2228 (30 10)"]
[Site "Internet Chess Club"]
[Date "2020.12.20"]
[Round "4"]
[White "wildrumpus"]
[Black "Logarius"]
[Result "1/2-1/2"]
[ICCResult "Game drawn by mutual agreement"]
[WhiteElo "1535"]
[BlackElo "1458"]
[Opening "Old Benoni defense"]
[ECO "A43"]
[NIC "OI.09"]
[Time "17:01:27"]
[PlyCount "63"]
[TimeControl "1800+10"]


1. d4 c5 2. e3 e6 3. c3 Nf6 4. Bd3 d5 5. Nd2 Nbd7 6. f4 b6 7. Ngf3 Bb7 8.
O-O Be7 9. Ne5 Ne4 10. Qa4 c4 11. Bxe4 dxe4 12. Ndxc4 f6 13. Ng4 O-O 14.
Nd2 a6 15. f5 b5 16. Qc2 h5 17. fxe6 hxg4 18. exd7 Qxd7 19. Nxe4 Qd5 20.
Ng3 Rac8 21. e4 Qxd4+ 22. cxd4 Rxc2 23. Be3 Rxb2 24. Rfc1 Rc8 25. Rxc8+
Bxc8 26. Rc1 Be6 27. d5 Bf7 28. Nf5 Ba3 29. Rc8+ Kh7 30. Rc7 Kg8 31. Rc8+
Kh7 32. Rc7 { Game drawn by mutual agreement } 1/2-1/2

[Event "ICC tourney 2228 (30 10)"]
[Site "Internet Chess Club"]
[Date "2020.12.20"]
[Round "4"]
[White "lwidjaja"]
[Black "ChalsparoV"]
[Result "1/2-1/2"]
[ICCResult "Game drawn by mutual agreement"]
[WhiteElo "1409"]
[BlackElo "1569"]
[Opening "Caro-Kann: two knights variation"]
[ECO "B11"]
[NIC "CK.01"]
[Time "17:01:26"]
[PlyCount "45"]
[TimeControl "1800+10"]


1. e4 c6 2. Nc3 d5 3. Nf3 dxe4 4. Nxe4 Nf6 5. Nxf6+ exf6 6. d4 Bg4 7. c3
Bd6 8. Bc4 O-O 9. O-O Nd7 10. h3 Bh5 11. Bb3 Nb6 12. Be3 Bc7 13. Bc2 Re8
14. g4 Bg6 15. Bb3 Nd5 16. Bd2 Qd6 17. Kg2 Be4 18. Rh1 Nf4+ 19. Bxf4 Qxf4
20. Bc2 Bd5 21. Bb3 Be4 22. Bc2 Bd5 23. Bb3 { Game drawn by mutual
agreement } 1/2-1/2

[Event "ICC tourney 2228 (30 10)"]
[Site "Internet Chess Club"]
[Date "2020.12.20"]
[Round "4"]
[White "i3izarre"]
[Black "joeandjoe28"]
[Result "0-1"]
[ICCResult "White checkmated"]
[WhiteElo "1458"]
[BlackElo "1423"]
[Opening "English: Anglo-Grünfeld, Smyslov defense"]
[ECO "A16"]
[NIC "EO.53"]
[Time "17:01:48"]
[PlyCount "74"]
[TimeControl "1800+10"]


1. c4 Nf6 2. Nc3 d5 3. cxd5 Nxd5 4. g3 g6 5. Bg2 Nxc3 6. bxc3 Bg7 7. Nf3
O-O 8. Rb1 c5 9. O-O Nc6 10. Qa4 Qc7 11. Qh4 Bf5 12. e4 Bd7 13. Bb2 Rac8
14. d4 Rfd8 15. d5 Ne5 16. Qxe7 Nxf3+ 17. Bxf3 f6 18. Bg4 Bxg4 19. Qxc7
Rxc7 20. f3 Bd7 21. Rbd1 Bb5 22. Rf2 Kf7 23. Rc1 Bc4 24. Ba3 b6 25. Rcc2 f5
26. Rfd2 Re7 27. Kf2 fxe4 28. fxe4 Rxe4 29. Kf3 Re5 30. d6 Re6 31. d7 Re7
32. Kg4 Be6+ 33. Kg5 h6+ 34. Kf4 Rdxd7 35. Rf2 Rd3 36. Ke4+ Bf5+ 37. Kf4
Re4# { White checkmated } 0-1

[Event "ICC tourney 2228 (30 10)"]
[Site "Internet Chess Club"]
[Date "2020.12.20"]
[Round "4"]
[White "halobeams"]
[Black "Paladin51"]
[Result "0-1"]
[ICCResult "White checkmated"]
[WhiteElo "1300"]
[BlackElo "1590"]
[Opening "Dutch"]
[ECO "A80"]
[NIC "HD.12"]
[Time "17:01:27"]
[PlyCount "40"]
[TimeControl "1800+10"]


1. d4 f5 2. Bf4 Nf6 3. h3 e6 4. e3 d5 5. Nf3 Bd6 6. Ne5 O-O 7. c3 Nbd7 8.
Nd2 Bxe5 9. dxe5 Ne4 10. Qe2 c5 11. Nf3 Nb6 12. O-O-O Bd7 13. g4 Ba4 14.
Re1 Nc4 15. gxf5 Rxf5 16. h4 Qa5 17. b3 Bxb3 18. axb3 Qa1+ 19. Kc2 Qb2+ 20.
Kd3 Qxc3# { White checkmated } 0-1

[Event "ICC tourney 2228 (30 10)"]
[Site "Internet Chess Club"]
[Date "2020.12.20"]
[Round "4"]
[White "PSelvin"]
[Black "jjplaman"]
[Result "0-1"]
[ICCResult "White resigns"]
[WhiteElo "1446"]
[BlackElo "1415"]
[Opening "Caro-Kann: advance variation"]
[ECO "B12"]
[NIC "CK.04"]
[Time "17:01:24"]
[PlyCount "102"]
[TimeControl "1800+10"]


1. e4 c6 2. d4 d5 3. e5 Bf5 4. h4 h6 5. Ne2 e6 6. Ng3 Bh7 7. Bd3 Bxd3 8.
Qxd3 Qb6 9. b3 c5 10. c3 Nc6 11. Ne2 cxd4 12. cxd4 Bb4+ 13. Nbc3 Nge7 14.
O-O O-O 15. Na4 Qd8 16. a3 Ba5 17. Bb2 Nf5 18. Nc5 Bb6 19. g3 Qc7 20. Rac1
Rac8 21. b4 Bxc5 22. Rxc5 Qd8 23. Nf4 Qe7 24. Nxd5 exd5 25. Qxf5 Qe6 26.
Qc2 b6 27. Rc3 Nxd4 28. Qd3 Rxc3 29. Bxc3 Nc6 30. f4 Rd8 31. Bd4 Qg6 32. f5
Qg4 33. Rf4 Qh3 34. Kf2 Qh2+ 35. Kf3 Qh1+ 36. Kg4 Qe1 37. Bb2 Nxe5+ 38.
Bxe5 Qxe5 39. Rd4 Kf8 40. Kf3 Ke7 41. g4 Rd7 42. h5 f6 43. Qd2 Kd6 44. Qd3
Rc7 45. Qd2 Rc6 46. Qd3 Rc1 47. Qd2 Rg1 48. Qf2 Ra1 49. Qb2 Re1 50. Qd2 Rh1
51. Kg2 Rh2+ { White resigns } 0-1

[Event "ICC tourney 2228 (30 10)"]
[Site "Internet Chess Club"]
[Date "2020.12.20"]
[Round "4"]
[White "sspugazh10"]
[Black "qixin99"]
[Result "1/2-1/2"]
[ICCResult "Game drawn by repetition"]
[WhiteElo "1441"]
[BlackElo "1540"]
[Opening "Queen's pawn game"]
[ECO "A45"]
[NIC "QP.07"]
[Time "17:01:26"]
[PlyCount "81"]
[TimeControl "1800+10"]


1. d4 Nf6 2. g3 g6 3. Bg2 d5 4. Nc3 Bg7 5. Bg5 c6 6. Nf3 h6 7. Bf4 Nh5 8.
e3 Nxf4 9. exf4 Nd7 10. O-O Nf6 11. Re1 O-O 12. Ne5 Bf5 13. b4 a6 14. a4
Nd7 15. b5 Nxe5 16. fxe5 Qa5 17. Qd2 axb5 18. axb5 Qxa1 19. Rxa1 Rxa1+ 20.
Nd1 h5 21. h3 Rfa8 22. Kh2 R8a2 23. Ne3 Bh6 24. Qe2 Bxe3 25. Qxe3 Kg7 26.
Qc3 Rc1 27. Qc5 e6 28. Qe7 Rcxc2 29. Qf6+ Kg8 30. Qd8+ Kh7 31. Qf8 Rxf2 32.
Qxf7+ Kh8 33. Qf8+ Kh7 34. Qf7+ Kh8 35. Qf8+ Kh7 36. Qf7+ Kh8 37. Qf8+ Kh7
38. Qf7+ Kh8 39. Qf8+ Kh7 40. Qf7+ Kh8 41. Qf8+ { Game drawn by repetition
} 1/2-1/2

[Event "ICC tourney 2228 (30 10)"]
[Site "Internet Chess Club"]
[Date "2020.12.20"]
[Round "4"]
[White "phosur"]
[Black "pmchess98"]
[Result "0-1"]
[ICCResult "White checkmated"]
[WhiteElo "1347"]
[BlackElo "1441"]
[Opening "Two knights defense (Modern bishop's opening)"]
[ECO "C55"]
[NIC "IG.01"]
[Time "17:01:24"]
[PlyCount "128"]
[TimeControl "1800+10"]


1. e4 e5 2. Nf3 Nc6 3. Bc4 Nf6 4. d3 h6 5. c3 Bc5 6. O-O O-O 7. h3 d6 8.
Re1 Be6 9. Bb3 a5 10. Be3 Bxe3 11. fxe3 d5 12. exd5 Nxd5 13. Bxd5 Bxd5 14.
e4 Be6 15. d4 exd4 16. cxd4 Bc4 17. Nc3 Nb4 18. Re3 Qf6 19. Ne5 Ba6 20. Nd7
Qg5 21. Rf3 Rfd8 22. Ne5 Rf8 23. Qb3 c5 24. a3 c4 25. Nxc4 Bxc4 26. Qxc4
Nc2 27. Raf1 Ne3 28. Qe2 Nxf1 29. Qxf1 Rad8 30. Nd5 f5 31. Nf4 fxe4 32. Ne6
Rxf3 33. Qc4 Qd5 34. Qxd5 Rxd5 35. gxf3 exf3 36. Kf2 Kf7 37. Nc5 b6 38. Ne4
Rxd4 39. Kxf3 Rd3+ 40. Kg4 Rb3 41. Nd6+ Kg6 42. Nc4 a4 43. h4 h5+ 44. Kf4
b5 45. Nd6 Rxb2 46. Ne4 Rb3 47. Nd6 b4 48. axb4 Rxb4+ 49. Ke3 a3 50. Ne4
Rxe4+ 51. Kxe4 a2 52. Kf4 a1=Q 53. Kf3 Qc3+ 54. Ke4 Qc4+ 55. Kf3 Qxh4 56.
Ke2 Qf4 57. Kd3 h4 58. Ke2 h3 59. Kd3 h2 60. Ke2 h1=R 61. Kd3 Rh3+ 62. Ke2
Qe3+ 63. Kd1 Qf2 64. Kc1 Rh1# { White checkmated } 0-1

[Event "ICC tourney 2228 (30 10)"]
[Site "Internet Chess Club"]
[Date "2020.12.20"]
[Round "4"]
[White "crazyhorse9"]
[Black "Mannansh"]
[Result "1-0"]
[ICCResult "Black resigns"]
[WhiteElo "1462"]
[BlackElo "1257"]
[Opening "Scandinavian gambit"]
[ECO "B01"]
[NIC "SD.03"]
[Time "17:01:35"]
[PlyCount "95"]
[TimeControl "1800+10"]


1. e4 d5 2. exd5 Nf6 3. c4 c6 4. dxc6 Nxc6 5. Nf3 e5 6. d3 Bf5 7. Nc3 Bc5
8. Be2 O-O 9. O-O Re8 10. a3 Qd7 11. b4 Bd4 12. Bb2 e4 13. dxe4 Nxe4 14.
Nxe4 Bxb2 15. Ra2 Bxa3 16. Rxa3 Rxe4 17. b5 Qe7 18. Qa4 Ne5 19. Nxe5 Rxe2
20. Nf3 Bg4 21. h3 Bxf3 22. Rxf3 h6 23. Rd3 Re1 24. Rd1 Re4 25. b6 a6 26.
Rd7 Qe8 27. Qd1 Rxc4 28. Rxb7 Rd8 29. Qf3 Rb4 30. Rc1 Rd7 31. Rcc7 Rxc7 32.
bxc7 Qe1+ 33. Kh2 Qe5+ 34. Qg3 Qxg3+ 35. fxg3 Rc4 36. Rb8+ Kh7 37. c8=Q
Rxc8 38. Rxc8 a5 39. Ra8 a4 40. Rxa4 g6 41. g4 Kg7 42. h4 f5 43. Kg3 Kf6
44. Ra5 fxg4 45. Kxg4 h5+ 46. Kf4 Kg7 47. Kg5 Kf7 48. Ra6 { Black resigns }
1-0

[Event "ICC tourney 2228 (30 10)"]
[Site "Internet Chess Club"]
[Date "2020.12.20"]
[Round "5"]
[White "qixin99"]
[Black "SGOLD9367"]
[Result "1-0"]
[ICCResult "Black resigns"]
[WhiteElo "1540"]
[BlackElo "1338"]
[Opening "Ruy Lopez: Berlin defense"]
[ECO "C65"]
[NIC "RL.07"]
[Time "19:01:12"]
[PlyCount "51"]
[TimeControl "1800+10"]


1. e4 e5 2. Nf3 Nc6 3. Bb5 Nf6 4. d3 d6 5. O-O Be7 6. c3 O-O 7. h3 h6 8.
Be3 Be6 9. Nbd2 a6 10. Ba4 b5 11. Bc2 Qd7 12. d4 d5 13. dxe5 dxe4 14. Nxe4
Nxe4 15. Bxe4 Qe8 16. Bb1 Rd8 17. Qc2 f5 18. exf6 g6 19. fxe7 Nxe7 20. Bxh6
Bf5 21. Qb3+ Rf7 22. Bxf5 Kh7 23. Bxg6+ Nxg6 24. Ng5+ Kg8 25. Nxf7 Qxf7 26.
Qxf7+ { Black resigns } 1-0

[Event "ICC tourney 2228 (30 10)"]
[Site "Internet Chess Club"]
[Date "2020.12.20"]
[Round "5"]
[White "jjplaman"]
[Black "crazyhorse9"]
[Result "0-1"]
[ICCResult "White checkmated"]
[WhiteElo "1415"]
[BlackElo "1462"]
[Opening "Giuoco Piano: four knights variation"]
[ECO "C50"]
[NIC "IG.02"]
[Time "19:01:08"]
[PlyCount "56"]
[TimeControl "1800+10"]


1. e4 e5 2. Nf3 Nc6 3. Bc4 Bc5 4. Nc3 Nf6 5. O-O d6 6. d3 h6 7. Bd2 O-O 8.
Qc1 Be6 9. Nd5 Bxd5 10. Bxd5 Kh7 11. Nh4 Nxd5 12. exd5 Nd4 13. g3 Ne2+ 14.
Kg2 Nxc1 15. Raxc1 c6 16. dxc6 bxc6 17. Rce1 Rb8 18. b3 Kg8 19. Re4 f5 20.
Rc4 Rc8 21. f4 exf4 22. Rcxf4 g5 23. Rc4 gxh4 24. Rxh4 Rf6 25. Bxh6 Qe8 26.
Bg5 Qe2+ 27. Rf2 Qxf2+ 28. Kh3 Qf1# { White checkmated } 0-1